 Dungeon Crawl Stone Soup version 0.24.0-2-g5b39cebb1c (webtiles) character file.

Game seed: 15380192219666222202, levelgen mode: deterministic

42 Iskender the Sneak (level 3, 0/26 HPs)
             Began as an Octopode Chaos Knight on Oct 30, 2019.
             Was a Plaything of Xom.
             Slain by a leopard gecko (4 damage)
             ... on level 2 of the Dungeon.
             The game lasted 00:03:06 (948 turns).

Iskender the Sneak (Octopode Chaos Knight)           Turns: 948, Time: 00:03:08

Health: 0/26       AC:  1    Str: 11    XL:     3   Next: 56%
Magic:  3/3        EV: 13    Int: 14    God:    Xom [..*...]
Gold:   52         SH:  0    Dex: 12    Spells: 2/2 levels left

rFire    . . .     SeeInvis .   a - +0 spear (chaos)
rCold    . . .     Gourm    .   (no shield)
rNeg     . . .     Faith    .   (helmet restricted)
rPois    .         Spirit   .   (no amulet)
rElec    .         Reflect  .   (no ring)
rCorr    .         Harm     .   (no ring)
MR       .....                  (no ring)
Stlth    ++++......             (no ring)
HPRegen  0.08/turn              (no ring)
MPRegen  0.08/turn              (no ring)
                                (no ring)
                                (no ring)

@: no status effects
A: almost no armour, stealthy swim, amphibious, 8 rings, constrict 8, camouflage
1, gelatinous body 1
a: Renounce Religion


You were on level 2 of the Dungeon.
You worshipped Xom.
You were a toy of Xom.
You were not hungry.

You visited 1 branch of the dungeon, and saw 2 of its levels.

You collected 52 gold pieces.

Inventory:

Hand Weapons
 a - a +0 spear of chaos (weapon)
 c - a +0 spear
Missiles
 d - 19 stones (quivered)
 i - 6 poisoned darts
Scrolls
 g - a scroll of identify
 h - a scroll of blinking
 k - a scroll of fear
Potions
 e - a potion of flight {unknown}
 j - a potion of curing {unknown}
Comestibles
 b - 2 rations
 f - a chunk of flesh


   Skills:
 - Level 3.0 Fighting
 - Level 3.0 Polearms
 - Level 2.3 Dodging
 + Level 4.5 Stealth


You had 2 spell levels left.
You didn't know any spells.
Your spell library was empty.

Dungeon Overview and Level Annotations

Branches:
Dungeon (2/15)

Altars:


Innate Abilities, Weirdness & Mutations

You cannot wear most types of armour.
You are very stealthy in the water. (Stealth+)
You are amphibious.
You can wear up to eight rings at the same time.
You can use your tentacles to constrict eight enemies at once.
Your skin changes colour to match your surroundings (Stealth+).
Your rubbery body absorbs attacks. (AC +1, EV +1)


Message History

You start resting.
You feel sick. x3
A frilled lizard comes into view.
You start resting.
You feel sick.
You are no longer poisoned.
A leopard gecko comes into view.
The leopard gecko hisses menacingly.
You are too injured to fight recklessly!
Attack whom?
Press: ? - help, Dir - move target cursor, f - leopard gecko
Aim: a leopard gecko (clinging)
You reach to attack!
You hit the leopard gecko.
The leopard gecko flickers and vanishes!
Deactivating autopickup; reactivate with Ctrl-A.
You barely miss something. Something bites you.
* * * LOW HITPOINT WARNING * * *
You closely miss something. Something bites you.
You die... "This toy is broken."

#.#.############. #..
#.#............#.##K.
#.#..####............
#.#..# #.####.##l#.[
#.#..####.## #.##(#..
#..........###.##.##.
###.........##.##.# #
##.###...##...#.# #@#
#......#..(#
#{########...###
#...l.......##
#############


There were no monsters in sight!

Vanquished Creatures
  2 adders (D:2)
  A dart slug (D:2)
  A leopard gecko (D:1)
  2 bats (D:1)
  2 goblins
  2 hobgoblins
  4 jackals (D:1)
  5 frilled lizards
  2 kobolds
  2 rats (D:1)
23 creatures vanquished.

Vanquished Creatures (others)
  A hobgoblin (D:2)
1 creature vanquished.

Grand Total: 24 creatures vanquished

Notes
Turn   | Place    | Note
-------+----------+-------------------------------------------
     0 | D:1      | Iskender the Octopode Chaos Knight began the quest for the
                  | Orb.
     0 | D:1      | Reached XP level 1. HP: 16/16 MP: 1/1
   132 | D:1      | Reached skill level 1 in Stealth
   165 | D:1      | Reached skill level 2 in Stealth
   165 | D:1      | Reached XP level 2. HP: 21/21 MP: 2/2
   343 | D:1      | XOM: divination: detect creatures
   345 | D:1      | Reached skill level 3 in Stealth
   559 | D:1      | XOM is BORED!
   559 | D:1      | XOM: mild Chrm miscast
   815 | D:1      | XOM: cloud trail
   897 | D:2      | Reached XP level 3. HP: 21/26 MP: 3/3
   902 | D:2      | Reached skill level 4 in Stealth
   948 | D:2      | Slain by a leopard gecko

Levels and vault maps discovered:
D:1:      dpeg_arrival_castle, layout_basic
D:2:      layout_loops_ring, minmay_quantized

Skill      XL: |  1  2  3 |
---------------+----------+-----
Stealth        | 2 3 4 |  4.5
Fighting       | |  3.0
Polearms       | |  3.0
Dodging        | |  2.3

Action                   || total
-------------------------++-------
Melee: Spear             ||    64
       Constrict         ||     8
       Tentacles         ||     4
  Use: Scroll            ||     2
 Stab: Sleeping          ||     5
       Paralysed         ||     1
Armor: Skin              ||     8
Dodge: Dodged            ||    27
